AoeStats
← KrawallUNDremmidemmi

Fortress

508316076Analyzed
3v3 RM · 10d ago on Sep 21, 2026· 95m 55s· 6 players
Game mode
Random Map
Map size
Large (8 player)
Population
200
Speed
Normal
Resources
Standard
Victory
Conquest
Starting age
Dark Age
Ending age
Imperial Age
RankedLock teamsTeams togetherTeam positionsShared explorationLock speedFull tech treeHidden civsTurbo modeCheats
Victory
Defeat
🇵🇹 Japanese · Portugal
1194
+13
🇨🇭 Huns · Switzerland
1160
+15
🇵🇹 Spanish · Portugal
1056
+19
🇦🇹 Poles · Austria
1137
-16
🇺🇸 Italians · United States
1133
-16
🇪🇨 Byzantines · Ecuador
1116
-15
KrawallUNDremmidemmi
8:10 Feudal Age
8:59 Horse Collar
9:06 Double-Bit Axe
9:34 Loom
13:22 Castle Age
15:29 Bow Saw
17:44 Szlachta Privileges
20:44 Scale Barding Armor
20:51 Forging
21:33 Bloodlines
21:29 Husbandry
21:43 Heavy Plow
22:49 Chain Barding Armor
23:13 Wheelbarrow
27:56 Iron Casting
31:38 Hand Cart
36:48 Imperial Age
38:31 Blast Furnace
36:53 Cavalier
68:21 Light Cavalry
70:41 Winged Hussar
[CORP] KRobles
3:11 Loom
7:46 Feudal Age
12:47 Castle Age
10:56 Horse Collar
11:10 Double-Bit Axe
11:44 Gold Mining
14:47 Loom
18:57 Imperial Age
16:03 Crossbowman
16:47 Fletching
17:30 Heavy Plow
18:36 Bodkin Arrow
21:10 Chemistry
20:38 Padded Archer Armor
26:23 Ballistics
27:16 Gold Shaft Mining
28:03 Arbalester
28:48 Bracer
32:45 Leather Archer Armor
35:11 Conscription
38:17 Wheelbarrow
45:29 Thumb Ring
51:51 Elite Skirmisher
52:05 Pikeman
52:45 Squires
53:41 Halberdier
54:11 Arson
55:07 Gambesons
64:00 Scale Mail Armor
64:10 Forging
65:48 Chain Mail Armor
67:08 Iron Casting
68:16 Hand Cart
68:57 Plate Mail Armor
69:06 Bow Saw
70:31 Cavalier
70:32 Light Cavalry
71:18 Husbandry
73:21 Crop Rotation
74:36 Hussar
81:04 Ring Archer Armor
80:40 Scale Barding Armor
83:54 Guilds
83:09 Capped Ram
TheKeeG_
5:22 Loom
7:52 Feudal Age
12:33 Castle Age
11:20 Double-Bit Axe
11:18 Horse Collar
11:32 Gold Mining
11:33 Stone Mining
16:13 Wheelbarrow
20:59 Bow Saw
22:50 Hand Cart
25:22 Imperial Age
23:48 Fletching
23:58 Padded Archer Armor
23:21 Crossbowman
24:38 Ballistics
24:30 Fortified Wall
24:02 Treadmill Crane
25:09 Thumb Ring
25:35 Bodkin Arrow
26:02 Leather Archer Armor
27:55 Two-Man Saw
27:03 Heavy Plow
27:46 Conscription
29:00 Chemistry
28:18 Town Watch
28:45 Bracer
29:00 Arbalester
30:10 Elite Skirmisher
31:23 Ring Archer Armor
31:04 Man-at-Arms
39:06 Crop Rotation
39:14 Stone Shaft Mining
41:25 Murder Holes
50:19 Pikeman
50:59 Squires
50:45 Arson
51:12 Forging
51:03 Scale Mail Armor
53:53 Iron Casting
54:49 Masonry
62:51 Architecture
62:42 Bombard Tower
67:00 Hoardings
81:04 Bloodlines
80:15 Light Cavalry
80:56 Husbandry
81:05 Scale Barding Armor
82:01 Blast Furnace
84:35 Chain Barding Armor
84:57 Hussar
86:52 Plate Barding Armor
86:33 Chain Mail Armor
FreakinAndry
7:50 Feudal Age
12:07 Castle Age
10:29 Double-Bit Axe
11:03 Horse Collar
12:44 Loom
14:00 Heavy Plow
14:15 Bow Saw
13:59 Fletching
14:12 Padded Archer Armor
18:59 Bloodlines
21:18 Heavy Plow
23:52 Wheelbarrow
23:05 Town Watch
23:38 Husbandry
23:51 Forging
23:56 Scale Barding Armor
25:30 Hand Cart
25:28 Marauders
26:59 Iron Casting
26:44 Chain Barding Armor
26:37 Gold Mining
31:15 Imperial Age
29:11 Light Cavalry
32:56 Blast Furnace
32:31 Plate Barding Armor
32:39 Gold Shaft Mining
31:26 Elite Tarkan
32:29 Conscription
31:33 Hussar
32:35 Caravan
36:50 Stone Mining
65:29 Cavalier
66:40 Paladin
69:26 Bodkin Arrow
69:47 Leather Archer Armor
71:01 Heavy Cavalry Archer
72:06 Parthian Tactics
71:47 Thumb Ring
72:06 Ballistics
72:46 Chemistry
71:49 Bracer
78:57 Capped Ram
88:34 Siege Ram
wiiz
8:13 Feudal Age
11:56 Castle Age
9:54 Double-Bit Axe
10:13 Horse Collar
16:09 Wheelbarrow
15:20 Loom
16:14 Wheelbarrow
15:26 Town Watch
16:20 Bow Saw
16:14 Stone Mining
20:24 Heavy Plow
23:06 Hand Cart
26:53 Imperial Age
24:10 Crossbowman
24:40 Fletching
24:46 Murder Holes
25:13 Ballistics
24:54 Padded Archer Armor
26:37 Thumb Ring
26:28 Bodkin Arrow
26:48 Leather Archer Armor
27:40 Bracer
28:51 Chemistry
27:21 Arbalester
28:44 Gold Mining
29:55 Two-Man Saw
29:50 Guard Tower
30:31 Ring Archer Armor
31:34 Conscription
33:06 Scale Mail Armor
33:17 Forging
34:00 Keep
33:37 Masonry
35:57 Chain Mail Armor
36:17 Iron Casting
37:16 Plate Mail Armor
37:33 Elite Samurai
39:59 Blast Furnace
45:38 Elite Skirmisher
48:28 Siege Engineers
52:10 Yasama
69:00 Caravan
maxii
7:49 Feudal Age
6:53 Loom
8:45 Double-Bit Axe
8:43 Horse Collar
11:53 Wheelbarrow
13:26 Castle Age
13:29 Scale Barding Armor
14:21 Bow Saw
14:34 Padded Archer Armor
14:38 Gold Mining
20:21 Heavy Plow
22:36 Wheelbarrow
29:24 Leather Archer Armor
36:38 Fletching
37:40 Bodkin Arrow
37:50 Bodkin Arrow
49:36 Imperial Age
53:10 Two-Man Saw
54:40 Elite Conquistador
Connection lost

Rejoining the realm…

Still unreachable

The connection could not be restored.

Session expired

The server has moved on; the page needs a fresh start.